 Dungeon Crawl Stone Soup version 0.30-a0-618-gd6c86c23d0 (webtiles) character file.

Game seed: 18389620406847803878

53 sokol815 the Poker (level 3, -8/24 HPs)
             Began as an Octopode Gladiator on Jan 10, 2023.
             Mangled by a gnoll
             ... wielding a +0 halberd
              (11 damage)
             ... on level 2 of the Dungeon.
             The game lasted 00:02:20 (1019 turns).

sokol815 the Poker (Octopode Gladiator)             Turns: 1019, Time: 00:02:20

Health: -8/24      AC:  1    Str: 13    XL:     3   Next: 87%
Magic:  3/3        EV: 13    Int: 12    God:
Gold:   60         SH:  0    Dex: 13    Spells: 1/2 levels left

rFire   . . .      SeeInvis .    a - +0 dagger (venom)
rCold   . . .      Faith    .    (no shield)
rNeg    . . .      Spirit   .    b - +0 hat
rPois   .          Reflect  .    (no amulet)
rElec   .          Harm     .    (no ring)
rCorr   .          Rampage  .    (no ring)
Will    .....                    (no ring)
Stlth   ++                       (no ring)
HPRegen 0.24/turn                (no ring)
MPRegen 0.08/turn                (no ring)
                                 (no ring)
                                 (no ring)

@: no status effects
A: almost no armour, amphibious, 8 rings, camouflage 1, gelatinous body 1,
(nimble swimmer 1), tentacles
a: no special abilities


You were on level 2 of the Dungeon.
You visited 1 branch of the dungeon, and saw 2 of its levels.

You collected 60 gold pieces.

Inventory:

Hand Weapons
 a - a +0 dagger of venom (weapon)
   (You took it off a kobold on level 1 of the Dungeon)
 f - a +0 trident
Missiles
 c - 3 throwing nets {!d}
 e - 6 javelins
 s - 10 stones
Armour
 b - a +0 hat (worn)
Scrolls
 d - a scroll of poison {unknown}
 g - a scroll of identify {unknown}
 k - a scroll of fear {unknown}
 l - a scroll of amnesia {unknown}
 V - 3 scrolls of vulnerability {!r!r}
Potions
 h - a potion of curing {unknown}
 i - a potion of ambrosia {unknown}
 j - a potion of might {unknown}


   Skills:
 - Level 2.0 Fighting
 * Level 2.8 Short Blades
 - Level 3.4 Polearms
 - Level 2.0 Throwing
 - Level 3.0 Dodging
 + Level 0.1 Summonings


You had one spell level left.
You knew the following spells:

 Your Spells              Type           Power      Damage    Failure   Level
a - Summon Small Mammal   Summ           0%         N/A       30%         1

Your spell library contained the following spells:

 Spells                   Type           Power      Damage    Failure   Level
 Apportation              Tloc           0%         N/A       32%         1
 Necrotise                Necr           0%         1d4       32%         1


Dungeon Overview and Level Annotations

Branches:
Dungeon (2/15) Zot: 10984

Altars:


Innate Abilities, Weirdness & Mutations

You cannot wear most types of armour.
You are amphibious.
You can wear up to eight rings at the same time.
Your skin changes colour to match your surroundings (Stealth+).
Your rubbery body absorbs attacks. (AC +1, EV +1)
((You are camouflaged when in or above water. (Stealth+)))
You have tentacles for arms and can constrict up to eight enemies at once.


Message History

You take 3 damage, and have 19/24 hp.
You barely miss the ball python. Your grab misses the ball python.
The ball python barely misses you. The ball python constricts you.
You take 1 damage, and have 18/24 hp.
You closely miss the ball python. You grab the ball python.
You constrict the ball python. The ball python bites you.
The ball python constricts you.
You take 2 damage, and have 16/24 hp.
You hit the ball python but do no damage.
The ball python is poisoned.
You constrict the ball python.
You kill the ball python!
No target in view!
Found a stone staircase leading down.
Health restored: 24 You don't know any spells.
Okay, then.
An adder comes into view.
The helpless adder fails to defend itself.
You puncture the adder! You grab the adder. You squeeze the adder.
You constrict the adder.
You kill the adder!
No target in view!
Memorise Summon Small Mammal, consuming 1 spell level and leaving 1?
You start memorising the spell.
You continue memorising.
You finish memorising.
Spell assigned to 'a'.
A giant cockroach comes into view.
You hit the giant cockroach but do no damage.
The giant cockroach is poisoned.
You grab the giant cockroach. You squeeze the giant cockroach.
You kill the giant cockroach!
No target in view!
A hobgoblin comes into view.
The helpless hobgoblin fails to defend itself.
You puncture the hobgoblin!
You kill the hobgoblin!
No target in view!
s - 10 stones (gained 4)
A rat comes into view.
A ball python comes into view.
Found a stone staircase leading down.
The rat bites you.
The ball python hisses angrily.
You take 2 damage, and have 22/24 hp.
You hit the rat.
The rat is poisoned.
You grab the rat. You squeeze the rat.
You kill the rat!
The ball python barely misses you. The ball python closely misses you.
You hit the ball python.
The ball python is poisoned.
Your grab misses the ball python. The ball python closely misses you. x2
You barely miss the ball python. Your grab misses the ball python.
The ball python misses you. x2
You hit the ball python.
You kill the ball python!
No target in view!
An endoplasm comes into view.
Health restored: 24 The endoplasm quivers.
The endoplasm hits you but does no damage.
You hit the endoplasm. You squeeze the endoplasm.
You kill the endoplasm!
No target in view!
A kobold comes into view. It is wielding a +0 club.
You closely miss the kobold.
The kobold shouts!
You grab the kobold. You constrict the kobold.
You hear a shout!
The kobold hits you with a +0 club.
You take 1 damage, and have 23/24 hp.
You hit the kobold but do no damage.
The kobold is poisoned.
You squeeze the kobold.
You kill the kobold!
No target in view!
No target in view!
You now have 60 gold pieces (gained 9).
Things that are here:
a +0 club; a kobold corpse A gnoll comes into view.
It is wielding a +0 halberd.
The gnoll moves out of view.
Health restored: 24 A gnoll comes into view.
It is wielding a +0 spear.
The gnoll shouts! x2
A gnoll comes into view. It is wielding a +0 whip.
You see here a +0 robe.
You see here a +0 robe.
You start waiting.
A gnoll is nearby!
The gnoll hits you with a +0 halberd!
You take 7 damage, and have 17/24 hp.
MASSIVE DAMAGE!!
You barely miss the gnoll. Your grab misses the gnoll.
The gnoll barely misses you.
You closely miss the gnoll. Your grab misses the gnoll.
The gnoll hits you with a +0 halberd!
Ouch! That really hurt!
* * * LOW HITPOINT WARNING * * *
You take 16 damage, and have 1/24 hp.
MASSIVE DAMAGE!!
The gnoll barely misses you.
There is a stone staircase leading up here.
The gnoll hits you from afar with a +0 halberd!
You die...

###.#.#....# ..†......>.#
.##.####...# ...........#
.....###..## .##..#
#..#################
.##..###...........ggg....#
.##...###.###############.#
.##.#..##.# #@.ggg.....#
.##.##.##.# ############
.........g# ......##.g#
......##.g# ......##..#
###.####..## #.####...###
#..........#


You could see 3 gnolls.

Vanquished Creatures
  An adder (D:2)
  A dart slug (D:1)
  4 ball pythons
  4 bats (D:1)
  4 endoplasms
  3 giant cockroaches
  3 goblins
  4 hobgoblins
  A jackal (D:1)
  6 kobolds
  2 quokkas
  3 frilled lizards (D:1)
  2 rats
38 creatures vanquished.

Notes
Turn   | Place    | Note
-------+----------+-------------------------------------------
     0 | D:1      | sokol815 the Octopode Gladiator began the quest for the
                  | Orb.
     0 | D:1      | Reached XP level 1. HP: 14/14 MP: 1/1
   126 | D:1      | Reached XP level 2. HP: 19/19 MP: 2/2
   165 | D:1      | Reached skill level 1 in Short Blades
   403 | D:1      | Reached XP level 3. HP: 23/24 MP: 3/3
   405 | D:1      | Reached skill level 2 in Short Blades
   762 | D:2      | Learned a level 1 spell: Summon Small Mammal
  1010 | D:2      | HP: 1/24 [gnoll/+0 halberd (16)]
  1019 | D:2      | Mangled by a gnoll

Illustrated notes

Levels and vault maps discovered:
D:1:      dpeg_arrival_refuge, layout_loops_cross,
          minmay_misc_feat_more_columns, minmay_pentomino_q4
D:2:      layout_basic

Skill      XL: |  1  2  3 |
---------------+----------+-----
Short Blades   | 1 2 |  2.8
Fighting       | |  2.0
Polearms       | |  3.4
Throwing       | |  2.0
Dodging        | |  3.0
Summonings     | |  0.1

Action                   || total
-------------------------++-------
Melee: Trident           ||     8
       Dagger            ||    56
       Constrict         ||    16
       Tentacles         ||     9
Throw: Javelin           ||     1
  Use: Scroll            ||     1
 Stab: Sleeping          ||    10
Armor: Skin              ||     7
Dodge: Dodged            ||    38

Table legend: (Time is in decaauts)
 A = Elapsed time spent in this place.
 B = Non-inter-level travel time spent in this place.
 C = Inter-level travel time spent in this place.
 D = Time resting spent in this place.
 E = Time spent auto-exploring this place.
 F = Levels seen in this place.
 G = Mean time per level.
                   A        B        C        D        E       F      G
               +--------+--------+--------+--------+--------+-----+--------+
         Total |   1015 |    999 |     16 |      2 |    728 |   2 |  507.5 |
       Dungeon |   1015 |    999 |     16 |      2 |    728 |   2 |  507.5 |
               +--------+--------+--------+--------+--------+-----+--------+

Top non-repeatable levels by time:
     D:1: 624 daAuts
     D:2: 391 daAuts

Table legend:
 A = Kills in this place as a percentage of kills in entire the game.
 B = Kills by you in this place as a percentage of kills by you in the entire game.
 C = Kills by friends in this place as a percentage of kills by friends in the entire game.
 D = Other kills in this place as a percentage of other kills in the entire game.
 E = Experience gained in this place as a percentage of experience gained in the entire game.
 F = Experience gained in this place divided by the number of levels of this place that you have seen.
                   A       B       C       D       E      F
               +-------+-------+-------+-------+-------+----------------------
         Total | 100.0 | 100.0 |   N/A |   N/A | 100.0 |  38.0
       Dungeon | 100.0 | 100.0 |   N/A |   N/A | 100.0 |  38.0
               +-------+-------+-------+-------+-------+----------------------
